 Dungeon Crawl Stone Soup version 0.25-a0-782-g655279c (webtiles) character file.

Game seed: 2334606156570948052, levelgen mode: deterministic

1438 robertstho the Spear-Bearer (level 8, -2/97 HPs)
             Began as a Merfolk Berserker on Apr 16, 2020.
             Was an Elder of Trog.
             Slain by a wight
             ... wielding a +3 spear
              (5 damage)
             ... on level 6 of the Dungeon.
             The game lasted 00:07:07 (4533 turns).

robertstho the Spear-Bearer (Merfolk Berserker)     Turns: 4533, Time: 00:07:08

Health: -2/97      AC: 10    Str: 19    XL:     8   Next: 74%
Magic:  8/8        EV: 11    Int:  7    God:    Trog [****..]
Gold:   236        SH:  0    Dex: 17    Spells: 7/7 levels left

rFire    . . .     SeeInvis .   u - +0 trident
rCold    . . .     Gourm    .   (no shield)
rNeg     . . .     Faith    .   p - +0 chain mail
rPois    .         Spirit   .   (no helmet)
rElec    .         Reflect  .   (no cloak)
rCorr    .         Harm     .   o - +1 pair of gloves
MR       .....                  (no boots)
Stlth    ..........             (no amulet)
HPRegen  0.26/turn              n - +3 ring of evasion
MPRegen  0.11/turn              b - +4 ring of dexterity

@: berserking (expiring), heavily drained, very quick
A: change form in water, swift swim, stealthy swim
a: Berserk, Trog's Hand, Brothers in Arms, Renounce Religion


You were on level 6 of the Dungeon.
You worshipped Trog.
Trog was greatly pleased with you.
You were hungry.

You visited 1 branch of the dungeon, and saw 6 of its levels.
You also visited: Sewer.

You collected 236 gold pieces.

Inventory:

Hand Weapons
 u - a +0 trident (weapon)
Armour
 o - a +1 pair of gloves (worn)
 p - a +0 chain mail (worn)
Jewellery
 b - a +4 ring of dexterity (right hand)
 n - a +3 ring of evasion (left hand)
Wands
 m - a wand of random effects (17)
 r - a wand of acid (8)
Scrolls
 a - 3 scrolls of identify {unknown}
 e - 4 scrolls of teleportation
 i - a scroll of random uselessness {unknown}
 k - 6 scrolls of remove curse
 s - a scroll of enchant weapon {unknown}
 t - 2 scrolls of blinking {unknown}
 v - 2 scrolls of fog {unknown}
 w - a scroll of fear {unknown}
Potions
 d - a potion of flight {unknown}
 f - a potion of invisibility {unknown}
 g - a potion of haste {unknown}
 h - 2 potions of curing {unknown}
 j - 2 potions of mutation {unknown}
 l - 2 potions of degeneration {unknown}
 q - 2 potions of heal wounds {unknown}
Comestibles
 c - 7 rations
 x - a chunk of flesh


   Skills:
 + Level 6.3(4.1) Fighting
 + Level 10.9(8.4) Polearms
 + Level 3.4(1.4) Armour
 + Level 4.5(2.4) Dodging
 + Level 3.1(1.1) Stealth


You had 7 spell levels left.
You didn't know any spells.
Your spell library was empty.

Dungeon Overview and Level Annotations

Branches:
Dungeon (6/15)             Temple (0/1) D:5           Sewer (visited)

Altars:
Ashenzari
Ru
Trog
Vehumet
Xom
Zin


Message History

* * * LOW HITPOINT WARNING * * *
Something hits you but does no damage.
You puncture something! The wight hits you with a +0 dagger.
* * * LOW HITPOINT WARNING * * *
The phantom blinks!
You barely miss something. The wight hits you but does no damage.
Something hits you but does no damage.
Your chain mail prevents you from hitting something.
The wight closely misses you.
You closely miss something. The wight barely misses you. Something hits you.
* * * LOW HITPOINT WARNING * * *
Something shocks you.
* * * LOW HITPOINT WARNING * * *
You miss something. The wight hits you with a +0 dagger.
* * * LOW HITPOINT WARNING * * *
You feel drained. The wight completely misses you.
You hit something. Something hits you but does no damage.
You closely miss something. The wight hits you but does no damage.
The wight hits you from afar with a +3 spear.
You die...

.#. .. .# ##.#
##.. #.####..##
#.......Y#
#####..#{#
#..##@#
####.###)z#
#....# ##z#
...####.#### W.
#......##### #..
# ######.....##
#.#
.###........[....
.#
.............###.
.#
....รท........#


You could see a phantom, a sky beast and 2 wights.

Vanquished Creatures
  4 ogres (D:4)
  An ice beast (D:5)
  2 eyes of draining (D:3)
  A centaur (D:5)
  2 bullfrogs (Sewer)
  2 wights (D:6)
  2 hounds (D:4)
  4 orc priests
  An iguana (D:4)
  An orc wizard (D:4)
  3 worker ants
  A hound skeleton (D:5)
  8 adders
  A shadow imp (D:6)
  3 oozes (Sewer)
  A worm (D:3)
  2 dart slugs (D:1)
  10 leopard geckos
  12 orcs
  7 bats
  15 giant cockroaches
  17 goblins
  7 hobgoblins
  4 jackals
  5 kobolds
  3 quokkas
  14 ball pythons (Sewer)
  7 frilled lizards
  2 giant cockroach zombies (D:5)
  9 rats
151 creatures vanquished.

Notes
Turn   | Place    | Note
-------+----------+-------------------------------------------
     0 | D:1      | robertstho the Merfolk Berserker began the quest for the
                  | Orb.
     0 | D:1      | Reached XP level 1. HP: 18/18 MP: 1/1
   119 | D:1      | Reached XP level 2. HP: 22/24 MP: 2/2
   289 | D:1      | Reached skill level 5 in Polearms
   513 | D:1      | Reached ** piety under Trog
   513 | D:1      | Reached XP level 3. HP: 25/30 MP: 3/3
   908 | D:2      | Found a sacrificial altar of Ru.
   936 | D:2      | Found a shattered altar of Ashenzari.
  1004 | D:2      | Found a radiant altar of Vehumet.
  1116 | D:2      | Reached XP level 4. HP: 23/37 MP: 4/4
  1531 | D:3      | Noticed an eye of draining
  1536 | D:3      | Noticed an eye of draining
  1558 | D:3      | Killed an eye of draining
  1558 | D:3      | Reached skill level 6 in Polearms
  1558 | D:3      | Reached skill level 1 in Stealth
  1558 | D:3      | Reached XP level 5. HP: 42/42 MP: 0/5
  1562 | D:3      | Reached skill level 7 in Polearms
  1578 | D:3      | Killed an eye of draining
  1578 | D:3      | Reached XP level 6. HP: 49/49 MP: 0/6
  1654 | D:3      | Found a bloodstained altar of Trog.
  1734 | D:3      | Found a shimmering altar of Xom.
  1788 | D:3      | Found a glowing silver altar of Zin.
  1788 | D:3      | Noticed an angel
  2122 | D:4      | Reached skill level 8 in Polearms
  2158 | D:4      | Found a glowing drain.
  2197 | D:4      | Reached XP level 7. HP: 48/55 MP: 7/7
  2210 | Sewer    | Entered a sewer
  2234 | Sewer    | Reached *** piety under Trog
  2472 | Sewer    | Reached skill level 5 in Fighting
  2520 | Sewer    | Reached skill level 9 in Polearms
  2704 | D:4      | Reached **** piety under Trog
  3005 | D:4      | Reached XP level 8. HP: 47/63 MP: 8/8
  3189 | D:4      | Reached skill level 10 in Polearms
  3588 | D:5      | Entered Level 5 of the Dungeon
  3976 | D:5      | Found a staircase to the Ecumenical Temple.
  4530 | D:6      | HP: 3/97 [something (5)]
  4533 | D:6      | Slain by a wight

Levels and vault maps discovered:
D:1:      lemuel_arrival_broad_hall, layout_loops_ring, kennysheep_nondescript
D:2:      minmay_skewed_foursquare, layout_basic,
          nicolae_overflow_crystal_walls, fiery_altar_vehumet,
          hangedman_ru_absence, serial_glass, glass_columns_c, glass_columns_a,
          minmay_misc_feat_more_columns, dk_vineyard_3
D:3:      layout_rooms, zin_angel, xom_butterflies, trog_eyes_of_draining,
          first_ration, hangedman_decor_growths
D:4:      kennysheep_the_goblin_king, layout_cave_pods, portal_sewer_entry_b
D:5:      layout_basic, minmay_temple_entry_crystal_x
D:6:      layout_rooms, minmay_guarded_unrand_staff_of_olgreb

Skill      XL: |  1  2  3  4  5  6  7  8 |
---------------+-------------------------+-----
Polearms       | 5 6 7 8 9 10 | 10.9
Dodging        | 3 4 |  4.5
Fighting       | 4 5 6 |  6.3
Stealth        | 1 2 3 |  3.1
Armour         | 2 3 |  3.4

Action                   |  1- 3 |  4- 6 |  7- 9 || total
-------------------------+-------+-------+-------++-------
Melee: Spear             |   107 |   183 |   140 ||   430
       Tailslap          |     2 |       |     8 ||    10
       Trident           |       |       |   205 ||   205
Invok: Berserk           |       |     1 |     5 ||     6
  Use: Scroll            |       |     4 |       ||     4
 Stab: Sleeping          |       |     3 |       ||     3
  Eat: Chunk             |     1 |     4 |    12 ||    17
Armor: Animal skin       |     8 |     1 |       ||     9
       Chain mail        |       |    64 |   114 ||   178
Dodge: Dodged            |    46 |    57 |   173 ||   276

Table legend:
 A = Non-vault XP
 B = Vault XP
 C = Vault XP percentage of total XP
 D = Non-vault monster count
 E = Vault monster count
 F = Vault count percentage of total count
                 A         B        C        D         E       F
            +---------+---------+-------+---------+---------+-------
      Total |    1497 |     558 |  27.2 |      92 |      59 |  39.1
            +---------+---------+-------+---------+---------+-------
        D:1 |      47 |       0 |   0.0 |      24 |       0 |   0.0
        D:2 |      25 |      18 |  41.9 |       8 |       3 |  27.3
        D:3 |     121 |     244 |  66.8 |      25 |       4 |  13.8
        D:4 |     826 |      20 |   2.4 |      19 |      12 |  38.7
        D:5 |     342 |       0 |   0.0 |      10 |       0 |   0.0
        D:6 |     136 |       0 |   0.0 |       6 |       0 |   0.0
      Sewer |       0 |     276 | 100.0 |       0 |      40 | 100.0
            +---------+---------+-------+---------+---------+-------
